 Dungeon Crawl Stone Soup version 0.30-a0-777-ga9a30cbeda (webtiles) character file.

Game seed: 2904091688081450835

3 Esekla the Sneak (level 1, 0/11 HPs)
             Began as a Vine Stalker Delver on Feb 13, 2023.
             Slain by an orc
             ... wielding a +0 mace
              (5 damage)
             ... on level 5 of the Dungeon.
             The game lasted 00:01:06 (79 turns).

Esekla the Sneak (Vine Stalker Delver)                Turns: 79, Time: 00:01:06

Health: 0/11       AC:  3    Str: 14    XL:     1   Next: 50%
Magic:  0/2        EV: 11    Int: 10    God:
Gold:   0          SH:  0    Dex: 15    Spells: 0/0 levels left

rFire   . . .      SeeInvis .    a - +0 falchion
rCold   . . .      Faith    .    (no shield)
rNeg    . . .      Spirit   +    b - +0 leather armour
rPois   .          Reflect  .    (no helmet)
rElec   .          Harm     .    (no cloak)
rCorr   .          Rampage  .    (no gloves)
Will    .....                    (no boots)
Stlth   +++                      (no amulet)
HPRegen 0.21/turn                (no ring)
MPRegen 0.08/turn                (no ring)

@: no status effects
A: fangs 2, magic shield, antimagic bite, no potion heal 2
a: no special abilities


You were on level 5 of the Dungeon.
You visited 1 branch of the dungeon, and saw 1 of its levels.

Inventory:

Hand Weapons
 a - a +0 falchion (weapon)
Armour
 b - a +0 leather armour (worn)
Wands
 g - a wand of digging (3)
Scrolls
 c - a scroll of fog
 e - a scroll of poison {unknown}
Potions
 d - 3 potions of resistance {unknown}
 f - a potion of haste


   Skills:
 * Level 2.7 Fighting
 * Level 1.8 Long Blades
 + Level 1.5 Dodging
 + Level 6.1 Stealth
 * Level 0.1 Spellcasting


You couldn't memorise any spells.
You didn't know any spells.
Your spell library was empty.

Dungeon Overview and Level Annotations

Branches:
Dungeon (5/15)
 Temple: D:4-7

Altars:
Trog


Innate Abilities, Weirdness & Mutations

You have extremely sharp teeth.
When hurt, damage is shared between your health and your magic reserves.
Your bite disrupts and absorbs the magic of your enemies.
Potions cannot restore your health.


Message History

You assume a fearsome visage.
The black bear looks frightened!
A worm comes into view.
Found a stone staircase leading down.
The worm bites you but does no damage.
You slash the worm! You punch the worm, but do no damage.
The worm is moderately wounded.
You barely miss the worm. You bite the worm. You drain its power.
The worm is heavily wounded.
The worm bites you but does no damage.
You slash the worm! Your bite misses the worm.
The worm is almost dead.
The worm barely misses you.
You barely miss the worm. You bite the worm.
You kill the worm!
An orc comes into view. It is wielding a +0 mace.
An orc wizard comes into view. It is wielding a +0 dagger.
There is a stone staircase leading down here.
Found 3 yellow potions and a quarterstaff.
Found a scroll labelled DOSHRO NYGHE.
d - 3 yellow potions You see here a +0 quarterstaff.
Found an encrusted fluorescent wand.
You open the gate.
Found 3 stones, a scroll labelled ROLUD CIHUNG and 9 gold pieces.
Found a bloodstained altar of Trog.
There is an open gate here.
There is an open gate here.
Found a brass wand.
You see here a scroll labelled ROLUD CIHUNG.
e - a scroll labelled ROLUD CIHUNG You hit the orc.
You punch the orc, but do no damage.
The orc is heavily wounded.
The orc hits you with a +0 mace.
You barely miss the orc.
The orc is heavily wounded.
The orc hits you with a +0 mace.
You closely miss the orc. You bite the orc. You drain its power.
You feel invigorated.
The orc is almost dead.
The orc hits you with a +0 mace!
You die...

..#####.# ******,,,,,,,*
..#####.# ***,,,*,* ........#
*,,,*,* #.####..###### **,**,*
..# #..)....### *,**,*
,,***#..####...#### *,**,*
,,,.....####'''####********,**,*
,*####..##...(.o.##*,,,,,,,,**,*
,,,,,....#.#####@##*,*********,*
,***###..#.#$..#.##*,* *,* ,*
#?.#.#._.#.##*,* *,*
,*****#..#.......##*,* *,*
,,,,,,../##########*,* *,*
,,,,,,.............*,* *,*
,*,*****#..#######.#,* *******,*
,*,* */.*******.#,* *,,,,,,,*
,,,**** *,,*,,,,,,,,,* *,*******


You could see an orc.

Vanquished Creatures
  A worm (D:5)
1 creature vanquished.

Notes
Turn   | Place    | Note
-------+----------+-------------------------------------------
     0 | D:5      | Esekla the Vine Stalker Delver began the quest for the Orb.
     0 | D:5      | Reached XP level 1. HP: 11/11 MP: 2/2
    13 | D:5      | Noticed a black bear
    43 | D:5      | Noticed an orc wizard
    70 | D:5      | Found a bloodstained altar of Trog.
    79 | D:5      | Slain by an orc

Illustrated notes

Levels and vault maps discovered:
D:5:      layout_loops_ring, mainiacjoe_overflow_alcove_4,
          mainiacjoe_overflow_alcove_2, nicolae_dithmenos_the_darkroom,
          uniq_grinder

Action                     || total
---------------------------++-------
  Melee: Falchion          ||     7
         Bite              ||     3
         Punch             ||     2
    Use: Scroll            ||     2
 Armour: Leather armour    ||     4
  Dodge: Dodged            ||     2

Table legend: (Time is in decaauts)
 A = Elapsed time spent in this place.
 B = Non-inter-level travel time spent in this place.
 C = Inter-level travel time spent in this place.
 D = Time resting spent in this place.
 E = Time spent auto-exploring this place.
 F = Levels seen in this place.
 G = Mean time per level.
                   A        B        C        D        E       F      G
               +--------+--------+--------+--------+--------+-----+--------+
         Total |     80 |     80 |      0 |      0 |      0 |   1 |   80.0 |
       Dungeon |     80 |     80 |      0 |      0 |      0 |   1 |   80.0 |
               +--------+--------+--------+--------+--------+-----+--------+

Top non-repeatable levels by time:
     D:5: 80 daAuts
